 Dungeon Crawl Stone Soup version 0.21.1-1-g345015fe64 (webtiles) character file.

471 Lentor the Slasher (level 6, 0/56 HPs)
             Began as a Minotaur Berserker on June 11, 2018.
             Was a Priest of Trog.
             Killed from afar by an orc wizard (3 damage)
             ... with a puff of frost
             ... on level 3 of the Dungeon.
             The game lasted 00:06:01 (2531 turns).

Lentor the Slasher (Minotaur Berserker)             Turns: 2531, Time: 00:06:02

Health: 0/56       AC: 12    Str: 23    XL:     6   Next: 83%
Magic:  5/5        EV:  7    Int:  4    God:    Trog [***...]
Gold:   105        SH:  9    Dex: 10    Spells: 5/5 levels left

rFire    . . .     SeeInvis .   a - +0 falchion
rCold    . . .     Gourm    .   d - +0 shield
rNeg     . . .     Faith    .   n - +3 chain mail
rPois    .         Spirit   .   (helmet restricted)
rElec    .         Reflect  .   (no cloak)
rCorr    .         Harm     .   (no gloves)
MR       .....                  (no boots)
Stlth    ..........             (no amulet)
HPRegen  0.18/turn              (no ring)
MPRegen  0.09/turn              (no ring)

@: lethally poisoned (0 -> -1), berserk cooldown, slowed, very slow
A: retaliatory headbutt, horns 2
a: Berserk, Trog's Hand, Burn Spellbooks, Renounce Religion


You were on level 3 of the Dungeon.
You worshipped Trog.
Trog was most pleased with you.
You were near starving.

You visited 1 branch of the dungeon, and saw 4 of its levels.

You collected 105 gold pieces.

Inventory:

Hand Weapons
 a - a +0 falchion (weapon)
Armour
 d - a +0 shield (worn)
 n - a +3 chain mail (worn)
Jewellery
 s - a cursed ring of teleportation {unknown}
Scrolls
 b - 6 scrolls of identify {unknown}
 e - a scroll of blinking {unknown}
 f - 2 scrolls of remove curse {unknown}
 g - 2 scrolls of teleportation {unknown}
 i - a scroll of fog {unknown}
 o - 2 scrolls of fear {unknown}
 p - a scroll of noise {unknown}
 r - a scroll of magic mapping {unknown}
Potions
 h - 4 potions of curing {unknown}
 j - 2 potions of flight {unknown}
 k - a potion of might {unknown}
 l - a potion of haste {unknown}
 m - 2 potions of mutation {unknown}
 q - a potion of heal wounds {unknown}
Comestibles
 c - 6 rations


   Skills:
 + Level 5.0 Fighting
 + Level 6.4 Long Blades
 + Level 3.8 Armour
 + Level 3.0 Dodging
 + Level 0.3 Stealth
 + Level 3.8 Shields


You had 5 spell levels left.
You didn't know any spells.

Dungeon Overview and Level Annotations

Branches:
Dungeon (4/15)
 Temple: D:4-7

Altars:
Ashenzari
Ru
Wu Jian


Innate Abilities, Weirdness & Mutations

You reflexively headbutt those who attack you in melee.
You have a pair of horns on your head.


Message History

There is a stone staircase leading up here.
Something hits you.
* * * LOW HITPOINT WARNING * * *
The gnoll hits you from afar with a spear.
* * * LOW HITPOINT WARNING * * *
Something hits you but does no damage. You block the gnoll's attack.
You climb upwards.
You feel sick.
There is a stone staircase leading down here.
You start resting.
You feel sick. You block something's attack.
Something hits you but does no damage. You block something's attack. x2
You hear some strange, mumbled words.
A puff of frost appears from out of thin air!
The puff of frost hits you!
Your shield and chain mail prevent you from hitting something.
Your headbutt misses something. Something hits you but does no damage.
You hear some strange, mumbled words.
A puff of frost appears from out of thin air!
The puff of frost hits you!
You die...

#....# #.._.....# ##.....##
####.# ######.### ##...## #.# #.#
##+## #### ##### #.# #.#
####8###.#_###.# #.#
##8.#.#.#.#..##.# ##.####
#...........###.# ##......
##...........###.#########.......
...8.#.#.#.#..#>@........#....###
####8###_###.#####.#####.#...#...
### ### ##### #...............
#.###.#####.#.#.#### ##...##
#.#.#.# # ##.#######.#.#.####
#.........#.......
#############.#### #.#


There were no monsters in sight!

Vanquished Creatures
  The ghost of Ursun the Skirmisher, an amateur MiFi (D:3)
  A scorpion (D:4)
  An orc priest (D:4)
  A hound (D:4)
  A bullfrog skeleton (D:4)
  An orc wizard (D:3)
  2 worker ants (D:3)
  Robin (D:3)
  2 adders
  6 gnolls
  An ooze (D:1)
  A worm (D:2)
  2 dart slugs (D:1)
  A leopard gecko (D:1)
  3 orcs (D:3)
  7 bats
  4 giant cockroaches (D:1)
  14 goblins
  7 hobgoblins
  8 kobolds
  A quokka (D:3)
  A ball python (D:2)
  A frilled lizard (D:1)
  9 rats
77 creatures vanquished.

Notes
Turn   | Place    | Note
-------+----------+-------------------------------------------
     0 | D:1      | Lentor the Minotaur Berserker began the quest for the Orb.
     0 | D:1      | Reached XP level 1. HP: 19/19 MP: 0/0
    32 | D:1      | Reached skill level 4 in Long Blades
    32 | D:1      | Reached XP level 2. HP: 10/27 MP: 1/1
   479 | D:1      | Reached XP level 3. HP: 33/33 MP: 2/2
  1115 | D:2      | Reached ** piety under Trog
  1391 | D:3      | Reached XP level 4. HP: 41/41 MP: 3/3
  1401 | D:3      | Reached skill level 5 in Long Blades
  1441 | D:3      | Found an ornate altar of the Wu Jian Council.
  1449 | D:3      | Noticed Ursun's ghost (amateur MiFi)
  1456 | D:3      | Killed Ursun's ghost
  1456 | D:3      | Reached skill level 1 in Shields
  1456 | D:3      | Reached XP level 5. HP: 47/47 MP: 4/4
  1526 | D:3      | Noticed Robin
  1554 | D:3      | Killed Robin
  1943 | D:3      | Reached XP level 6. HP: 41/55 MP: 5/5
  2137 | D:3      | Found a shattered altar of Ashenzari.
  2140 | D:3      | Found a sacrificial altar of Ru.
  2496 | D:4      | Reached *** piety under Trog
  2496 | D:4      | Reached skill level 5 in Fighting
  2508 | D:4      | Reached skill level 6 in Long Blades
  2531 | D:3      | Killed from afar by an orc wizard

Skill      XL: |  1  2  3  4  5  6 |
---------------+-------------------+-----
Long Blades    | 4 5 6 |  6.4
Fighting       | 4 5 |  5.0
Armour         | 3 |  3.8
Shields        | 1 3 |  3.8
Dodging        | 3 |  3.0
Stealth        | |  0.3

Action                   |  1- 3 |  4- 6 || total
-------------------------+-------+-------++-------
Melee: Falchion          |    75 |    98 ||   173
       Headbutt          |    11 |    18 ||    29
Invok: Berserk           |       |     4 ||     4
  Eat: Chunk             |     1 |     6 ||     7
Armor: Animal skin       |     5 |       ||     5
       Chain mail        |    21 |    54 ||    75
Dodge: Dodged            |    26 |    19 ||    45
Block: Shield            |    26 |    52 ||    78
       Rpst.: Falchion   |     5 |     4 ||     9
